Workbook

Sheet Resumen Contratista
B2: RESUMEN
B4: ='Partidas a rellenar'!D3 -> GESTION DE RESIDUOS | E4: ='Partidas a rellenar'!G3 -> 0
B5: ='Partidas a rellenar'!D16 -> DEMOLICIONES, DESBROCE Y TALAS | E5: ='Partidas a rellenar'!G16 -> 0
B6: ='Partidas a rellenar'!D19 -> MOVIMIENTO DE TIERRAS Y DEMOLICIONES | E6: ='Partidas a rellenar'!G19 -> 0
B7: ='Partidas a rellenar'!D30 -> RELLENOS Y OTROS | E7: ='Partidas a rellenar'!G30 -> 0
B8: ='Partidas a rellenar'!D53 -> BANDA DE SEÑALIZACION | E8: ='Partidas a rellenar'!G53 -> 0
B9: ='Partidas a rellenar'!D56 -> ESTRUCTURAS | E9: ='Partidas a rellenar'!G56 -> 0
B10: ='Partidas a rellenar'!D79 -> ARQUETAS, TAPAS, SUMIDEROS Y ELEMENTOS INT. | E10: ='Partidas a rellenar'!G79 -> 0
B11: ='Partidas a rellenar'!D112 -> SUB-BASES Y MBC Y UNIDADES DE URBANIZACION | E11: ='Partidas a rellenar'!G112 -> 0
B12: ='Partidas a rellenar'!D135 -> IMPERMEABILIZACIONES | E12: ='Partidas a rellenar'!G135 -> 0
B13: ='Partidas a rellenar'!D150 -> TUBERÍA FUNDICIÓN DUCTIL | E13: ='Partidas a rellenar'!G150 -> 0
B14: ='Partidas a rellenar'!D235 -> PIECERÍO FUNDICION DUCTIL | E14: ='Partidas a rellenar'!G235 -> 0
B15: ='Partidas a rellenar'!D418 -> UNIONES CONTRATRACCION Y MANGAS POLIETILENO | E15: ='Partidas a rellenar'!G418 -> 0
B16: ='Partidas a rellenar'!D485 -> TUBERIA POLIETILENO A.D | E16: ='Partidas a rellenar'!G485 -> 0
B17: ='Partidas a rellenar'!D518 -> PIECERIO POLIETILENO A.D. | E17: ='Partidas a rellenar'!G518 -> 0
B18: ='Partidas a rellenar'!D589 -> TUBERÍA DE POLIETILENO REFORZADO | E18: ='Partidas a rellenar'!G589 -> 0
B19: ='Partidas a rellenar'!D602 -> CODO E-E F.D. PARA TUBO PEAD | E19: ='Partidas a rellenar'!G602 -> 0
B20: ='Partidas a rellenar'!D611 -> "T" F.D. E-E-E TUBERIAS PEAD | E20: ='Partidas a rellenar'!G611 -> 0
B21: ='Partidas a rellenar'!D630 -> T REDUCTOR F.D. E-B-E TUB. PEAD | E21: ='Partidas a rellenar'!G630 -> 0
B22: ='Partidas a rellenar'!D649 -> ENLACES ROSCA LATÓN | E22: ='Partidas a rellenar'!G649 -> 0
B23: ='Partidas a rellenar'!D658 -> CODOS LATÓN | E23: ='Partidas a rellenar'!G658 -> 0
B24: ='Partidas a rellenar'!D665 -> ACOMETIDAS DOMICILIARIAS | E24: ='Partidas a rellenar'!G665 -> 0
B25: ='Partidas a rellenar'!D690 -> VALVULAS DE COMPUERTA | E25: ='Partidas a rellenar'!G690 -> 0
B26: ='Partidas a rellenar'!D709 -> VALVULAS DE MARIPOSA | E26: ='Partidas a rellenar'!G709 -> 0
B27: ='Partidas a rellenar'!D728 -> VALVULAS DE RETENCIÓN | E27: ='Partidas a rellenar'!G728 -> 0
B28: ='Partidas a rellenar'!D745 -> VALVULAS DE RETENCION AXIAL | E28: ='Partidas a rellenar'!G745 -> 0
B29: ='Partidas a rellenar'!D756 -> VALVULAS DE FLOTADOR DE ALTITUD | E29: ='Partidas a rellenar'!G756 -> 0
B30: ='Partidas a rellenar'!D759 -> VALVULAS DE BOYA | E30: ='Partidas a rellenar'!G759 -> 0
B31: ='Partidas a rellenar'!D762 -> VALVULA REDUCTORA PRESION CON VALVULA PILOTO | E31: ='Partidas a rellenar'!G762 -> 0
B32: ='Partidas a rellenar'!D781 -> VALVULAS REDUCTORAS DE PRESION ACCION DIRECTA | E32: ='Partidas a rellenar'!G781 -> 0
B33: ='Partidas a rellenar'!D794 -> VENTOSA DOBLE BOLA SIN VÁLVULA | E33: ='Partidas a rellenar'!G794 -> 0
B34: ='Partidas a rellenar'!D809 -> VENTOSA DOBLE BOLA CON VÁLVULA ASIENTO | E34: ='Partidas a rellenar'!G809 -> 0
B35: ='Partidas a rellenar'!D826 -> CARRETES DE DESMONTAJE Y ADAPTADORES | E35: ='Partidas a rellenar'!G826 -> 0
B36: ='Partidas a rellenar'!D859 -> CONTADOR DE CHORRO MÚLTIPLE | E36: ='Partidas a rellenar'!G859 -> 0
B37: ='Partidas a rellenar'!D866 -> CONTADOR TIPO WOLTMAN | E37: ='Partidas a rellenar'!G866 -> 0
B38: ='Partidas a rellenar'!D879 -> CONTADOR ULTRASONICO | E38: ='Partidas a rellenar'!G879 -> 0
B39: ='Partidas a rellenar'!D892 -> CONTADOR ELECTROMAGNÉTICO | E39: ='Partidas a rellenar'!G892 -> 0
B40: ='Partidas a rellenar'!D905 -> VÁLVULAS DE ESFERA CUADRADILLO | E40: ='Partidas a rellenar'!G905 -> 0
B41: ='Partidas a rellenar'!D914 -> JUNTA ANTIVIBRATORIAS | E41: ='Partidas a rellenar'!G914 -> 0
B42: ='Partidas a rellenar'!D923 -> MANOMETROS ESTANCOS | E42: ='Partidas a rellenar'!G923 -> 0
B43: ='Partidas a rellenar'!D926 -> BOCAS DE RIEGO E HIDRANTE | E43: ='Partidas a rellenar'!G926 -> 0
B44: ='Partidas a rellenar'!D937 -> SIEMBRA Y PLANTACIONES | E44: ='Partidas a rellenar'!G937 -> 0
B45: ='Partidas a rellenar'!D942 -> COLLARINES FD-PEAD PARA ACOMETIDA | E45: ='Partidas a rellenar'!G942 -> 0
B46: ='Partidas a rellenar'!D967 -> INGENIERIA | E46: ='Partidas a rellenar'!G967 -> 0
B49: PRESUPUESTO DE EJECUCIÓN MATERIAL | E49: =SUM(E4:E46) -> 0
B51: Gastos generales | E51: =E49*0.06 -> 0
B52: Beneficio industrial | E52: =E49*0.13 -> 0
B54: PRESUPUESTO BASE DE LICITACIÓN SIN IVA | E54: =E49+E51+E52 -> 0
B56: IVA | E56: =E54*0.21 -> 0
B58: PRESUPUESTO BASE DE LICITACIÓN
E59: =E54+E56 -> 0

Sheet Partidas a rellenar
A1: Presupuesto
A2: Código | B2: Nat | C2: Ud | D2: Resumen | E2: CanPres | F2: Pres | G2: ImpPres
A3: A00-LER | B3: Capítulo | D3: GESTION DE RESIDUOS | G3: =SUM(G4:G14) -> 0
A4: 170504 | B4: Partida | C4: Tn | D4: RETIRADA TIERRAS Y ROCAS NO CONTAMINADAS | E4: 40 | G4: =ROUND(E4*F4*1,2) -> 0
D5: RETIRADA DE TIERRAS Y ROCAS NO CONTAMINADAS
A6: 170505 | B6: Partida | C6: Tn | D6: RETIRADA LODOS DE DRENAJE C/SUSTANCIAS PELIGROSAS | E6: 10 | G6: =ROUND(E6*F6*1,2) -> 0
D7: RETIRADA DE LODOS DE DRENAJE QUE CONTIENEN SUSTANCIAS PELIGROSAS
A8: 170506 | B8: Partida | C8: Tn | D8: RETIRADA LODOS DE DRENAJE DISTINTOS 170505 | E8: 2 | G8: =ROUND(E8*F8*1,2) -> 0
D9: RETIRADA DE LODOS DE DRENAJE DISTINTOS DE LOS ESPECIFICADOS EN EL CÓDIGO 17.05.05
A10: 170605 | B10: Partida | C10: Tn | D10: RETIRADA MATERIALES QUE CONTIENEN AMIANTO | E10: 2 | G10: =ROUND(E10*F10*1,2) -> 0
D11: RETIRADA DE MATERIALES DE CONSTRUCCIÓN QUE CONTIENEN AMIANTO
A12: 170904_1 | B12: Partida | C12: Tn | D12: RETIRADA DE OTROS RESIDUOS DE CONSTRUCCIÓN Y DEMOLICIÓN MÁX 10% | E12: 2 | G12: =ROUND(E12*F12*1,2) -> 0
D13: RETIRADA DE OTROS RESIDUOS MEZCLADOS DE CONSTRUCCIÓN Y DEMOLICIÓN DISTINTOS DE LOS ESPECIFICADOS EN LOS CÓDIGOS 17.09.02 Y 17.09.03 CON 10% MÁXIMO DE PLÁSTICO, MADERA, YESO
A14: P98 | B14: Partida | C14: UD | D14: CONTENEDOR | E14: 2 | G14: =ROUND(E14*F14*1,2) -> 0
D15: CONTENEDOR EN OBRA PARA LA RETIRADA DE RESIDUOS, DURANTE TODA LA DURACIÓN DE LA OBRA.
A16: U0200 | B16: Capítulo | D16: DEMOLICIONES, DESBROCE Y TALAS | G16: =SUM(G17) -> 0
A17: U020000 | B17: Partida | C17: M2 | D17: DESPEJE Y DESBROCE | E17: 12000 | G17: =ROUND(E17*F17*1,2) -> 0
D18: DESPEJE Y DESBROCE POR MEDIOS MECANICOS Y/O MANUALES INCLUSO CARGA, TRANSPORTE Y VERTIDO EN OBRA.
A19: U0400 | B19: Capítulo | D19: MOVIMIENTO DE TIERRAS Y DEMOLICIONES | G19: =SUM(G20:G28) -> 0
A20: U040000 | B20: Partida | C20: M3 | D20: EXCAVACION DE TIERRA VEGETAL | E20: 11000 | G20: =ROUND(E20*F20*1,2) -> 0
D21: EXCAVACION DE TIERRA VEGETAL CON ACOPIO EN OBRA, INCLUYENDO CARGA, TRANSPORTE DENTRO DE LA OBRA Y DESCARGA.
A22: U040100 | B22: Partida | C22: M3 | D22: EXCAVACION CIELO ABIERTO SUELTO | E22: 11000 | G22: =ROUND(E22*F22*1,2) -> 0
D23: EXCAVACION A CIELO ABIERTO EN TERRENO SUELTO, INCLUSO AGOTAMIENTO, .
A24: U0XXXXX | B24: Partida | C24: M2 | D24: DEMOLICIÓN DE PAVIMENTO DE HORMIGÓN Y/O ASFALTADO | E24: 2000 | G24: =ROUND(E24*F24*1,2) -> 0
D25: DEMOLICIÓN DE PAVIMENTO DE HORMIGÓN Y/O ASFALTO HASTA 15 CMS DE ESPESOR, TRANSPORTE DENTRO DE LA OBRA Y DESCARGA
A26: U041100 | B26: Partida | C26: UD | D26: CATA LOCALIZACION DE SERVICIOS | E26: 50 | G26: =ROUND(E26*F26*1,2) -> 0
D27: CATA PARA LA LOCALIZACION DE SERVICIOS, ESTRUCTURAS E INSTALACIONES EXISTENTES EN CUALQUIER LUGAR Y ZONA DE LA OBRA HASTA UNA PROFUNDIDAD DE 2 M. POR MEDIOS MECANICOS Y MANUALES, INCLUSO POSTERIOR RELLENO.
A28: U041301 | B28: Partida | C28: M3 | D28: CARGA Y TRANSPORTE A VERTEDERO | E28: 24000 | G28: =ROUND(E28*F28*1,2) -> 0
D29: CARGA Y TRANSPORTE A VERTEDERO DE PRODUCTOS PROCEDENTES DE EXCAVACIONES Y/O DEMOLICIONES .
A30: U0500 | B30: Capítulo | D30: RELLENOS Y OTROS | G30: =SUM(G31:G51) -> 0
A31: U090001 | B31: Partida | C31: M3 | D31: RELLENO DE ZANJA CON MATERIAL EXCAVACION | E31: 3000 | G31: =ROUND(E31*F31*1,2) -> 0
D32: RELLENO DE ZANJA CON MATERIAL ADECUADO PROCEDENTE DE LA EXCAVACION, INCLUSO EXTENDIDO Y COMPACTACION MECANICA AL 95 % PROCTOR MODIFICADO.
A33: U090002 | B33: Partida | C33: M3 | D33: RELLENO DE ZANJA CON MATERIAL ZAHORRA | E33: 3000 | G33: =ROUND(E33*F33*1,2) -> 0
D34: RELLENO DE ZANJA CON MATERIAL DE PRESTAMO CALIDAD TIPO ZAHORRA, INCLUSO EXTENDIDO Y COMPACTACION.
A35: U090003 | B35: Partida | C35: M3 | D35: RELLENO DE ZANJA CON ARENA | E35: 1000 | G35: =ROUND(E35*F35*1,2) -> 0
D36: RELLENO DE ZANJA CON ARENA CALIZA TIPO A-5 SEGUN EL PLIEGO PARA ASIENTO Y/O PROTECCION DE TUBERIAS, INCLUSO EXTENDIDO Y COMPACTACION.
A37: U090004 | B37: Partida | C37: M3 | D37: RELLENO DE ZANJA CON GRAVA | E37: 1000 | G37: =ROUND(E37*F37*1,2) -> 0
D38: RELLENO DE ZANJA CON GRAVA TIPO A-20 S/PLIEGO PARA ASIENTO Y/O PROTECCION DE TUBERIAS INCLUSO EXTENDIDO Y COMPACTACION.
A39: U090005 | B39: Partida | C39: M2 | D39: RELLENO DE ZANJA TIERRA VEGETAL | E39: 1000 | G39: =ROUND(E39*F39*1,2) -> 0
D40: RELLENO DE ZANJA CON TIERRA VEGETAL PROCEDENTE DE LA OBRA, EXTENDIDA EN CAPA DE 0.30 M, QUE INCLUYE EXTENDIDO, REFINO, ARADO CON MOTOCULTOR, LABOREO Y RASTRILLADO.
A41: U090100 | B41: Partida | C41: M3 | D41: RELLENO DE TRASDOS MAT. SELEC. | E41: 1000 | G41: =ROUND(E41*F41*1,2) -> 0
D42: RELLENO DE TRASDOS DE OBRA DE FABRICA CON MATERIAL SELECCIONADO DE EXCAVACION EXTENDIDO Y COMPACTADO MECANICAMENTE.
A43: U090101 | B43: Partida | C43: M3 | D43: RELLENO DE TRASDOS MAT. FILTRANTE | E43: 600 | G43: =ROUND(E43*F43*1,2) -> 0
D44: RELLENO DE TRASDOS DE OBRA DE FABRICA CON MATERIAL FILTRANTE DE ARIDO DE CANTERA, EXTENDIDO Y COMPACTADO.
A45: U090102 | B45: Partida | C45: M3 | D45: RELLENO DE TRASDOS ZAHORRA | E45: 600 | G45: =ROUND(E45*F45*1,2) -> 0
D46: RELLENO DE TRASDOS DE OBRA DE FABRICA CON MATERIAL DE PRESTAMO CALIDAD TIPO ZAHORRA ARTIFICIAL, INCLUSO EXTENDIDO Y COMPACTADO.
A47: U090200 | B47: Partida | C47: M3 | D47: TERRAPLEN CON MATERIAL ADECUADO | E47: 200 | G47: =ROUND(E47*F47*1,2) -> 0
D48: TERRAPLEN CON MATERIAL ADECUADO PROCEDENTE DE LA EXCAVACION EXTENDIDO Y COMPACTADO.
A49: U090201 | B49: Partida | C49: M3 | D49: TERRAPLEN CON MATERIAL SELECCIONADO | E49: 200 | G49: =ROUND(E49*F49*1,2) -> 0
D50: TERRAPLEN EXTENDIDO Y COMPACTADO CON MATERIAL SELECCIONADO PROCEDENTE DE LA EXCAVACION EN TONGADAS DE 30 CM. DE ESPESOR HASTA CONSEGUIR UNA DENSIDAD NO INFERIOR AL 95 % DE P.M.
A51: U090202 | B51: Partida | C51: M3 | D51: TERRAPLEN CALIDAD TIPO ZAHORRA | E51: 200 | G51: =ROUND(E51*F51*1,2) -> 0
D52: TERRAPLEN DE MATERIAL DE PRESTAMO CALIDAD TIPO ZAHORRA EXTENDIDO Y COMPACTADO EN TONGADAS DE 30 CM DE ESPESOR HASTA CONSEGUIR UNA DENSIDAD NO INFERIOR AL 95% DEL PROCTOR MODIFICADO.
A53: U0906 | B53: Capítulo | D53: BANDA DE SEÑALIZACION | G53: =SUM(G54) -> 0
A54: U090600 | B54: Partida | C54: ML | D54: BANDA DE SEÑALIZACION TUBERIAS | E54: 12000 | G54: =ROUND(E54*F54*1,2) -> 0
D55: BANDA DE SEÑALIZACION DE CONDUCCIONES DE AGUA POTABLE EN POLIETILENO DE 250 MM. DE ANCHO DE FONDO AZUL, LOGOTIPO CABB Y TEXTO IDENTIFICATIVO DE AGUA POTABLE EN COLOR BLANCO, COLOCADA.
A56: U1100 | B56: Capítulo | D56: ESTRUCTURAS | G56: =SUM(G57:G77) -> 0
A57: U110000 | B57: Partida | C57: M2 | D57: ENCOFRADO RECTO CIMIENTOS | E57: 1000 | G57: =ROUND(E57*F57*1,2) -> 0
D58: ENCOFRADO RECTO CIMIENTOS INCLUSO PARTE PROPORCIONAL DE ARRIOSTRAMIENTO, DISTANCIADORES, LATIGUILLOS,ETC. CORRECTAMENTE EJECUTADO. TIPO E-1.
A59: U110100 | B59: Partida | C59: M2 | D59: ENCOFRADO MUROS RECTO | E59: 1600 | G59: =ROUND(E59*F59*1,2) -> 0
D60: ENCOFRADO MUROS RECTO INCLUSO PARTE PROPORCIONAL DE ARRIOSTRAMIENTO, SEPARADORES, BERENJENOS, DISTANCIADORES DE DOBLE CONO DE PVC O PP RECUPERABLES, ETC. CORRECTAMENTE EJECUTADO.
A61: U120500 | B61: Partida | C61: M3 | D61: HORMIGON HA-25/P/25/IIa EN SOLERA | E61: 1500 | G61: =ROUND(E61*F61*1,2) -> 0
D62: HORMIGON HA-25/P/25/IIA PARA ARMAR EN SOLERAS, INCLUSO SUMINISTRO, VERTIDO, VIBRADO, CURADO, ACABADO Y EJECUCION DE JUNTAS.
A63: U120501 | B63: Partida | C63: M3 | D63: HORMIGON HA-30/P/25/IV EN SOLERA | E63: 1400 | G63: =ROUND(E63*F63*1,2) -> 0
D64: HORMIGON HA-30/P/25/IV PARA ARMAR EN SOLERAS, INCLUSO SUMINISTRO, VERTIDO, VIBRADO, CURADO, ACABADO Y EJECUCION DE JUNTAS.
A65: U130000 | B65: Partida | C65: ML | D65: JUNTA ELASTICA DE ESTANQUEIDAD | E65: 500 | G65: =ROUND(E65*F65*1,2) -> 0
D66: JUNTA ELASTICA DE ESTANQUEIDAD PVC (UNE-53510) DE 25 CM. DE ANCHURA PARA ESTANQUEIDAD DE MUROS O SOLERAS, CON NUCLEO TUBULAR EN JUNTAS HORIZONTALES O VERTICALES CON P.P. DE PIEZAS ESPECIALES SOLDADAS, GRAPAS CADA 30 CM. TOTALMENTE ACABADA.
A67: U130100 | B67: Partida | C67: ML | D67: SELLADO DE JUNTAS EN PLANOS | E67: 100 | G67: =ROUND(E67*F67*1,2) -> 0
D68: SELLADO DE JUNTA DE ESTANQUEIDAD EN PLANOS HORIZONTALES O VERTICALES, A BASE DE MASILLA MONOCOMPONENTE DE POLIURETANO CON SOPORTE DE CORDON DE POLIETILENO EXPANDIDO, INCLUSO LIMPIEZA PREVIA, SECADO CON AIRE COMPRIMIDO, APLICADO A PISTOLA CORRECTAMENTE EJECUTADO.
A69: U130200 | B69: Partida | C69: ML | D69: SELLADO DE JUNTAS DE CONSTRUCCION | E69: 100 | G69: =ROUND(E69*F69*1,2) -> 0
D70: SELLADO DE JUNTAS DE CONSTRUCCION CON MASILLA PLASTICA DE BETUN, INCLUYENDO LIMPIEZA Y SECADO PREVIO S/UNE 41107.
A71: U130300 | B71: Partida | C71: ML | D71: JUNTA DE DILATACION EN PARAMENTO | E71: 100 | G71: =ROUND(E71*F71*1,2) -> 0
D72: JUNTA DE DILATACION EN PARAMENTOS HORIZONTALES Y VERTICALES FORMADA POR PLACA DE POLIESTIRENO EXPANDIDO DE 2 CM. DE ESPESOR Y CORDON DE ASFALTO FUNDIDO O SIMILAR PARA SELLADO SEGUN PLANO.
A73: U130400 | B73: Partida | C73: ML | D73: JUNTA EXPANSIVA DE BENTONITA | E73: 100 | G73: =ROUND(E73*F73*1,2) -> 0
D74: JUNTA EXPANSIVA DE BENTONITA DE SODIO, PARA SELLADO DE ARQUETAS, TOTALMENTE COLOCADA.
A75: U140100 | B75: Partida | C75: KG | D75: ACERO CORRUGADO TIPO B 400-S | E75: 40000 | G75: =ROUND(E75*F75*1,2) -> 0
D76: ACERO CORRUGADO TIPO B 400-S INCLUSO SUMINISTRO, ELABORACION, MONTAJE EN OBRA Y PARTE PROPORCIONAL DE DESPUNTES, ALAMBRE DE ATAR, SEPARADORES, RIGIDIZADORES, ETC.
A77: U140101 | B77: Partida | C77: KG | D77: ACERO CORRUGADO TIPO B 500-S | E77: 40000 | G77: =ROUND(E77*F77*1,2) -> 0
D78: ACERO CORRUGADO TIPO B 500-S INCLUSO SUMINISTRO, ELABORACION, MONTAJE EN OBRA Y PARTE PROPORCIONAL DE DESPUNTES, ALAMBRE DE ATAR, SEPARADORES, RIGIDIZADORES, ETC.
A79: U1407 | B79: Capítulo | D79: ARQUETAS, TAPAS, SUMIDEROS Y ELEMENTOS INT. | G79: =SUM(G80:G110) -> 0
A80: U140700 | B80: Partida | C80: UD | D80: TAPA "CONSORCIO" 700X700 MM | E80: 4 | G80: =ROUND(E80*F80*1,2) -> 0
D81: TAPA METALICA DE ARQUETA TIPO "CONSORCIO" 700X700 MM DE HUECO, CON MARCO Y ANCLAJES CONSTRUIDA EN CHAPA ESTRIADA 6/8 MM. CALIDAD S 235 JR, GALVANIZADA EN CALIENTE, BISAGRAS Y CIERRE INOX AISI-304, INCLUSO NIVELACION, MONTAJE, RECIBIDO Y PRUEBAS.
A82: U140701 | B82: Partida | C82: UD | D82: TAPA "CONSORCIO" 800x800 MM | E82: 4 | G82: =ROUND(E82*F82*1,2) -> 0
D83: TAPA METALICA DE ARQUETA TIPO "CONSORCIO" 800X800 MM DE HUECO, CON MARCO Y ANCLAJES CONSTRUIDA EN CHAPA ESTRIADA 6/8 MM. CALIDAD S 235 JR, GALVANIZADA EN CALIENTE, BISAGRAS Y CIERRE INOX AISI-304, INCLUSO NIVELACION, MONTAJE, RECIBIDO Y PRUEBAS.
A84: U140702 | B84: Partida | C84: UD | D84: TAPA "CONSORCIO" 1100 x 1100 MM | E84: 2 | G84: =ROUND(E84*F84*1,2) -> 0
D85: TAPA METALICA DE ARQUETA TIPO "CONSORCIO" 1.100 X 1.100 MM DE HUECO, CON MARCO Y ANCLAJES CONSTRUIDA EN CHAPA ESTRIADA 6/8 MM. CALIDAD S 235 JR, GALVANIZADA EN CALIENTE, BISAGRAS Y CIERRE INOX AISI-304, INCLUSO NIVELACION, MONTAJE, RECIBIDO Y PRUEBAS.
A86: U140900 | B86: Partida | C86: M2 | D86: CHAPA LAGRIMADA O ESTRIADA DE A | E86: 80 | G86: =ROUND(E86*F86*1,2) -> 0
D87: CHAPA LAGRIMADA O ESTRIADA DE ACERO S 275 JR PARA PLATAFORMA O PISOS, DE 4 MM. DE ESPESOR GALVANIZADA, TOTALMENTE MONTADA Y REMATES.
A88: U141100 | B88: Partida | C88: UD | D88: PATES DE POLIPROPILENO ARMADOS | E88: 2 | G88: =ROUND(E88*F88*1,2) -> 0
D89: PATES DE POLIPROPILENO COPOLÍMERO REFORZADO CON ACERO CALIBRADO F1, DUREZA DE 65 Kg/mm2, SUPERFICIE Y ALETAS LATERALES ANTIDESLIZANTES, CON TOPE DE GOLPEO PARA COLOCACIÓN, FABRICADO DE ACUERDO LA NORMA EN-13101, CONFORME A LA LEY ESPAÑOLA LPRL 31/1995, LEY DE PREVENCIÓN DE RIESGOS LABORALES Y AL R.D. 486/1997, DISPOSICIONES MÍNIMAS DE SEGURIDAD Y SALUD EN LOS LUGARES DE TRABAJO. DIMENSIONES 402 x 240 mm Y SEPARACIÓN ENTRE TOPES DE 380 mm. PELDAÑO DE 30 mm. COLOR NARANJA. INCLUIDA EJECUCIÓN DE 2 TALADROS DE 25mm DE DIÁMETRO Y 85 mm DE PROFUNDIDAD PARA MONTAJE Y NIVELACIÓN DEL NIVELACIÓN DEL PATE.
A90: U141120 | B90: Partida | C90: UD | D90: ASIDERO EMPOTRADO EN PARED DE HORMIGÓN | E90: 2 | G90: =ROUND(E90*F90*1,2) -> 0
D91: SUMINISTRO E INSTALACIÓN DE ASIDERO EMPOTRADO EN LA PARED DE HORMIGÓN, PARA ASCENSO Y DESCENSO DE POZOS, FABRICADO EN ACERO INOXIDABLE, INCLUIDO BASTÓN.
A92: U141121 | B92: Partida | C92: UD | D92: ASIDERO INSTALADOS EN PATES | E92: 2 | G92: =ROUND(E92*F92*1,2) -> 0
D93: SUMINISTRO E INSTALACIÓN DE ASIDERO INSTALADO EN PATES, PARA ASCENSO Y DESCENSO DE POZOS, FABRICADO EN ACERO INOXIDABLE, INCLUIDO BASTÓN.
A94: U141200 | B94: Partida | C94: UD | D94: TAPA ARQUETA F.N. DN=61 CM. | E94: 2 | G94: =ROUND(E94*F94*1,2) -> 0
D95: TAPA DE ARQUETAS, ESTANCA, DE FUNDICION NODULAR CLASE D 400, TIPO "CALZADA", CON ANAGRAMA "C.A.B.B." DE MARCO CUADRADO DE 84X84 CM. Y TAPA CIRCULAR DE 61 CM. DE DIAMETRO, INCLUSO MONTAJE Y RECIBIDO CON MORTERO DE CEMENTO 1:4.
A96: U141201 | B96: Partida | C96: UD | D96: TAPA ARQUETA F.N. DN=80 CM. | E96: 2 | G96: =ROUND(E96*F96*1,2) -> 0
D97: TAPA DE ARQUETA, ESTANCA, DE FUNDICION NODULAR CLASE D 400, TIPO "CALZADA", CON ANAGRAMA "C.A.B.B." MECANISMO DE CIERRE, MARCO CUADRADO DE 100X100 CM. Y TAPA CIRCULAR DE 80 CM. DE DIAMETRO, INCLUSO MONTAJE Y RECIBIDO CON MORTERO CEMENTO.
A98: U141202 | B98: Partida | C98: UD | D98: TAPA ARQUETA F.N. 90X60 CM. | E98: 2 | G98: =ROUND(E98*F98*1,2) -> 0
D99: TAPA DE ARQUETAS,ESTANCA, DE FUNDICION NODULAR CLASE D 400, TIPO "CALZADA", CON ANAGRAMA "C.A.B.B." DE MARCO CUADRADO DE 1120X764 MM. Y TAPA CUADRADA DE 900X600 MM., INCLUSO MONTAJE Y RECIBIDO CON MORTERO DE CEMENTO 1:4.
A100: U141203 | B100: Partida | C100: UD | D100: MARCO Y TAPA DE 675X530 MM | E100: 2 | G100: =ROUND(E100*F100*1,2) -> 0
...
